 Dungeon Crawl Stone Soup version 0.30.0-18-gc0e69614cb (webtiles) character file.

Game seed: 5665799160990821935

113 Heoruswealwe the Magician (level 4, -4/23 (24) HPs)
             Began as a Deep Elf Earth Elementalist on May 25, 2023.
             Slain by a wight
             ... wielding a +0 flail
              (7 damage)
             ... on level 3 of the Dungeon.
             The game lasted 00:17:17 (1578 turns).

Heoruswealwe the Magician (DEEE)                    Turns: 1578, Time: 00:17:18

HP:   -4/23 (24)    AC:  3    Str:  5    XL:     4   Next: 65%
MP:   9/13          EV: 12    Int: 22    God:
Gold: 145           SH:  0    Dex: 15    Spells: 3/13 levels left

rFire   . . .        b - +1 rapier (holy)
rCold   . . .        (no shield)
rNeg    . . .        c - +0 robe
rPois   .            g - +0 helmet
rElec   .            (no cloak)
rCorr   .            (no gloves)
SInv    .            (no boots)
Will    .....        (no amulet)
Stlth   ++           (no ring)
HPRegen 0.23/turn    (no ring)
MPRegen 0.13/turn

%: no passive effects
@: lightly drained
A: no striking features
a: no special abilities


You were on level 3 of the Dungeon.
You visited 1 branch of the dungeon, and saw 3 of its levels.

You collected 145 gold pieces.

Inventory:

Hand Weapons
 b - a +1 rapier of holy wrath (weapon)
Armour
 c - a +0 robe (worn)
 g - a +0 helmet (worn)
Scrolls
 d - 2 scrolls of immolation {unknown}
 e - a scroll of teleportation {unknown}
 j - a scroll of noise {unknown}
 l - a scroll of vulnerability {unknown}
 m - 2 scrolls of identify {unknown}
 n - a scroll of silence {unknown}
Potions
 a - 3 potions of haste {unknown}
 f - a potion of magic
 h - a potion of resistance {unknown}
 i - 3 potions of might {unknown}
 k - a potion of ambrosia {unknown}
 o - a potion of brilliance {unknown}


   Skills:
 - Level 2.4 Dodging
 - Level 2.4 Stealth
 + Level 5.1 Spellcasting
 - Level 1.1 Transmutations
 + Level 4.8 Earth Magic


You had 3 spell levels left.
You knew the following spells:

 Your Spells              Type           Power      Damage    Failure   Level
a - Sandblast             Erth           54%        2d13      1%          1
b - Stone Arrow           Conj/Erth      32%        3d9       11%         3
c - Petrify               Tmut/Erth      18%        N/A       28%         4
z - Passwall              Tmut/Erth      15%        N/A       4%          2

Your spell library contained the following spells:

 Spells                   Type           Power      Damage    Failure   Level
 Wereblood                Tmut           10%        N/A       10%         2
 Poisonous Vapours        Pois/Air       10%        N/A       16%         2
 Static Discharge         Conj/Air       10%        2-3/arc   16%         2
 Sublimation of Blood     Necr           5%         N/A       16%         2
 Mephitic Cloud           Conj/Pois/Air  5%         N/A       30%         3
 Airstrike                Air            2%         2d(1-17)  69%         4
 Summon Lightning Spire   Summ/Air       5%         N/A       69%         4
 Freezing Cloud           Conj/Ice/Air   2%         6-21      95%         5
 Summon Hydra             Summ           2%         N/A       100%        7


Dungeon Overview and Level Annotations

Branches:
Dungeon (3/15)

Altars:
Elyvilon
Wu Jian


Message History

2 wights come into view.
Found an escape hatch in the floor.
You can't see any susceptible monsters within range! (Use Z to cast anyway.)
The blast of sand hits the wight but does no damage.
The blast of sand misses the wight.
The blast of sand hits the wight.
The wight is moderately damaged.
The wight hits you with a +0 flail!
Ouch! That really hurt!
You feel drained.
You closely miss the wight.
The wight is moderately damaged.
The wight closely misses you.
You closely miss the wight.
The wight is moderately damaged.
The wight hits you but does no damage.
You hit the wight.
The wight convulses.
The wight is heavily damaged.
The wight barely misses you. The wight closely misses you.
You hit the wight but do no damage.
The wight is heavily damaged.
The wight hits you with a +0 flail.
* * * LOW HITPOINT WARNING * * *
Casting: Sandblast (safe; 1% risk of failure)
Confirm with . or Enter, or press ? or * to list all spells.
Aiming: Sandblast (safe; 1% risk of failure)
Press: ? - help, Shift-Dir - straight line, f/p - wight
Aim: a wight, wielding a +0 flail and wearing a +0 robe (heavily damaged, 83% to hit)
The blast of sand hits the wight but does no damage.
The wight is heavily damaged.
The wight closely misses you.
Casting: Sandblast (safe; 1% risk of failure)
Confirm with . or Enter, or press ? or * to list all spells.
Aiming: Sandblast (safe; 1% risk of failure)
Press: ? - help, Shift-Dir - straight line, f/p - wight
Aim: a wight, wielding a +0 flail and wearing a +0 robe (heavily damaged, 83% to hit)
The blast of sand hits the wight!
The wight is almost destroyed.
The wight misses you. The wight hits you with a +0 flail!
You die...

#.##.......#
#..###
.......<.# #..#
# #....(..#
#..###
##......#
#.....
#######.....#
##.###
....>....#.##
#.###
######.##.#
#.... #z##.# #
##### #@##.##.#
# #.......# #
####.#### ####
#.# ##.## #.#
##.#.# #.#
#.#... #.#
##...# #.#####
##.##
#.....######.##


You could see a wight.

Vanquished Creatures
  Terence (D:2)
  A gnoll (D:1)
  2 adders (D:3)
  A worm (D:2)
  2 endoplasms
  5 giant cockroaches (D:1)
  5 goblins
  6 hobgoblins
  5 kobolds
  A quokka (D:1)
  6 ball pythons
  7 bats
  12 frilled lizards
  2 rats (D:1)
56 creatures vanquished.

Notes
Turn   | Place    | Note
-------+----------+-------------------------------------------
     0 | D:1      | Heoruswealwe the Deep Elf Earth Elementalist began the
                  | quest for the Orb.
     0 | D:1      | Reached XP level 1. HP: 10/10 MP: 6/6
    38 | D:1      | Reached XP level 2. HP: 6/15 MP: 4/8
    41 | D:1      | Learned a level 2 spell: Passwall
   388 | D:1      | Reached skill level 4 in Spellcasting
   459 | D:1      | Reached XP level 3. HP: 16/19 MP: 7/10
   463 | D:1      | Learned a level 3 spell: Stone Arrow
   916 | D:2      | Noticed Terence
   920 | D:2      | Killed Terence
   921 | D:2      | Reached XP level 4. HP: 24/24 MP: 3/12
   970 | D:2      | Found an ornate altar of the Wu Jian Council.
  1386 | D:3      | Reached skill level 5 in Spellcasting
  1404 | D:3      | Learned a level 4 spell: Petrify
  1428 | D:3      | Found a white marble altar of Elyvilon.
  1578 | D:3      | Slain by a wight

Illustrated notes

Levels and vault maps discovered:
D:1:      dpeg_chamrin_arrival_tetris, layout_basic, serial_bayou_pond_a
D:2:      layout_basic, basic_altar, minmay_lizard_king, uniq_terence
D:3:      layout_loops_ring, elyvilon_altar_5

Skill      XL: |  1  2  3  4 |
---------------+-------------+-----
Spellcasting   | 4 5 |  5.1
Earth Magic    | 4 |  4.8
Dodging        | |  2.4
Stealth        | |  2.4
Transmutations | |  1.1

Action                     |  1- 3 |  4- 6 || total
---------------------------+-------+-------++-------
  Melee: Unarmed           |    28 |       ||    28
         Punch             |     1 |     1 ||     2
         Rapier            |       |    12 ||    12
   Cast: Sandblast         |    33 |    36 ||    69
         Stone Arrow       |     2 |       ||     2
 Armour: Robe              |     1 |     3 ||     4
  Dodge: Dodged            |     7 |     7 ||    14
